 Dungeon Sprint DCSS version 0.30.1-4-g462c640d31 (webtiles) character file.

Game seed: 8566442816656018642

109 Heoruswealwe the Trooper (level 4, 0/45 HPs)
             Began as a Hill Orc Fighter on Aug 24, 2023.
             Slain by Sigmund
             ... wielding a +0 scythe of protection
              (6 damage)
             ... in the Dungeon (Sprint I: "Red Sonja").
             The game lasted 00:00:27 (51 turns).

Heoruswealwe the Trooper (Hill Orc Fighter)           Turns: 51, Time: 00:00:28

Health: 0/45       AC:  7    Str: 20    XL:     4   Next: 90%
Magic:  4/4        EV:  9    Int:  8    God:
Gold:   0          SH:  0    Dex: 10    Spells: 3/3 levels left

rFire   . . .        a - +0 war axe
rCold   . . .        c - +0 buckler
rNeg    . . .        b - +0 scale mail
rPois   .            (no helmet)
rElec   .            (no cloak)
rCorr   .            (no gloves)
SInv    .            (no boots)
Will    .....        (no amulet) Stlth
                     (no ring)
HPRegen 0.27/turn    (no ring)
MPRegen 0.09/turn

%: no teleportation
@: confused
A: no striking features
a: no special abilities


You were in the Dungeon.
You visited 1 branch

Inventory:

Hand Weapons
 a - a +0 war axe (weapon)
Armour
 b - a +0 scale mail (worn)
 c - a +0 buckler (worn)
Wands
 k - a wand of digging (1)
Scrolls
 j - a scroll of blinking
Potions
 d - a potion of might
 e - a potion of curing
 f - a potion of heal wounds
 g - a potion of haste
 h - 2 potions of magic
 i - a potion of berserk rage


   Skills:
 + Level 6.9 Fighting
 + Level 5.1 Axes
 + Level 6.2 Armour
 + Level 0.2 Dodging
 + Level 6.3 Shields


You had 3 spell levels left.
You didn't know any spells.
Your spell library was empty.

Dungeon Overview and Level Annotations

Branches:
Dungeon (1/1)

Altars:

Annotations:
D Sigmund


Message History

Sigmund is moderately wounded.
Sigmund casts a spell at you. You resist with some effort.
You closely miss Sigmund.
Sigmund is moderately wounded.
Sigmund gestures at you while chanting. You block the puff of flame.
You closely miss Sigmund.
Sigmund is moderately wounded.
Sigmund mumbles some strange words.
Sigmund flickers and vanishes!
Deactivating autopickup; reactivate with Ctrl-A.
You hit something.
You hear some strange, mumbled words.
A puff of flame appears from out of thin air!
The puff of flame misses you.
You hear some strange, mumbled words.
A puff of flame appears from out of thin air!
The puff of flame hits you.
You miss something. You block something's attack.
You closely miss something. Something hits you.
You barely miss something. You miss something. Something hits you.
You hit something but do no damage. You block something's attack.
You hit something but do no damage. Something hits you but does no damage.
You hit something. Something hits you but does no damage.
You hit something. Something hits you but does no damage.
You barely miss something. Something hits you.
You closely miss something. You barely miss something.
Something hits you but does no damage.
You barely miss something.
You hear some strange, mumbled words.
You are confused.
Something hits you! Something hits you but does no damage.
There is an open door, spattered with blood here.
You're too confused to move!
Something hits you!
* * * LOW HITPOINT WARNING * * *
Something hits you.
You die...

#############
#<.#..').#..+
#..').#..'{@#
#..#####+####
#..# #..#
#..# #⌠⌠#
####


There were no monsters in sight!

Vanquished Creatures
  An ogre (D)
  Ijyb (D)
2 creatures vanquished.

Notes
Turn   | Place    | Note
-------+----------+-------------------------------------------
     0 | D        | Heoruswealwe the Hill Orc Fighter began the quest for the
                  | Orb.
     0 | D        | Reached XP level 1. HP: 19/19 MP: 1/1
     1 | D        | Noticed Ijyb
    12 | D        | Killed Ijyb
    13 | D        | Reached skill level 5 in Fighting
    13 | D        | Reached XP level 2. HP: 25/29 MP: 2/2
    13 | D        | Reached XP level 3. HP: 32/36 MP: 3/3
    16 | D        | Noticed an ogre
    24 | D        | Killed an ogre
    25 | D        | Reached skill level 5 in Axes
    25 | D        | Reached XP level 4. HP: 36/45 MP: 4/4
    27 | D        | Noticed Sigmund
    51 | D        | Slain by Sigmund

Illustrated notes

Levels and vault maps discovered:
D:        dungeon_sprint_1 [red_sonja_temple_1, red_sonja_temple_small_1]

Skill      XL: |  1  2  3 |
---------------+----------+-----
Fighting       | 5 6 |  6.9
Axes           | 3 5 |  5.1
Armour         | 4 6 |  6.2
Shields        | 4 6 |  6.3
Dodging        | |  0.2

Action                     |  1- 3 |  4- 6 || total
---------------------------+-------+-------++-------
  Melee: War axe           |    17 |    18 ||    35
 Armour: Scale mail        |     5 |     5 ||    10
  Dodge: Dodged            |     8 |     3 ||    11
  Block: Buckler           |     2 |     3 ||     5
